 Dungeon Sprint DCSS version 0.01-2199-g510b736d67 (webtiles) character file.

Game seed: 14110537416740068417, levelgen mode: deterministic

27 pasperui the Magician (level 3, -3/28 HPs) Naga Fire Elementalist. Began on July 21, 2020. Slain by a human (10 damage) ... in the Dungeon (Sprint III: "The Ten Rune Challenge"). The game lasted 00:00:55 (140 turns).

pasperui the Magician (Naga Fire Elementalist)       Turns: 140, Time: 00:00:55

Health: -3/28      AC:  2    Str: 10    XL:     3 ^: 43
Magic:  4/10       EV: 10    Int: 16    God:
Gold:   15         SH:  0    Dex: 11    Spells: 12/13 levels left

rFire    . . .     Vision   +   (no weapon)
rCold    . . .     Gourm    .   (no weapon)
rNeg     . . .     Faith    .   a - +0 robe
rPois    +         Spirit   .   (no helmet)
rElec    .         Reflect  .   (no cloak)
rCorr    .         Harm     .   (no gloves)
MR       .....     NoTele   +   (no barding)
Stlth    ++........             (no amulet)
HPRegen  0.19/turn              (no ring)
MPRegen  0.20/turn              (no ring)

@: very slow
A: large, see invisible, deformed body, poison resistance, slowness 2, slow
metabolism 1, spit poison 1, constrict 1, AC +1
a: Spit Poison


You were in the Dungeon.
You were not hungry.

You visited 1 branch You collected 15 gold pieces.

Inventory:

Armour
 a - a +0 robe (worn)
Scrolls
 i - a scroll of blinking
Potions
 d - a potion of curing
 e - a potion of heal wounds
 f - a potion of haste
 g - 2 potions of magic
 h - a potion of berserk rage
Comestibles
 b - 6 chunks of flesh
 c - a ration


   Skills:
 - Level 1.5 Dodging
 - Level 3.0 Stealth
 * Level 5.7 Spellcasting
 - Level 3.0 Fire Magic


You had 12 spell levels left.
You knew the following spells:

 Your Spells              Type           Power        Failure   Level  Hunger
a - Foxfire               Fire           14 (25)      4%          1    None

Your spell library contained the following spells:

 Spells                   Type           Power        Failure   Level  Hunger
 Searing Ray              Fire           14 (50)      6%          2    #......
 Conjure Flame            Fire           14 (100)     12%         3    ##.....
 Inner Flame              Hex/Fire       9 (100)      22%         3    ##.....
 Sticky Flame             Fire/Pois      9 (100)      58%         4    ####...
 Fireball                 Fire           14 (200)     75%         5    ######.


Dungeon Overview and Level Annotations

Branches:
Dungeon (1/1)

Altars:


Innate Abilities, Weirdness & Mutations

You cannot wear boots.
Your serpentine skin is tough. (AC +1)
You have supernaturally acute eyesight. (+Vis)
Armour fits poorly on your strangely shaped body.
Your system is resistant to poisons. (rPois)
You cover ground very slowly.
You have a slow metabolism.
You can spit poison.
You can use your snake-like lower body to constrict enemies.


Message History

Confirm with . or Enter, or press ? or * to list all spells.
You conjure some foxfire!
The human barely misses you (0).
The foxfire hits the human (3).
The human is almost dead. (3/35) HP The foxfire hits the human but does no damage (0).
The human is almost dead. (3/35) HP The human barely misses you (0).
Casting: Foxfire (safe; 4% risk of failure)
Confirm with . or Enter, or press ? or * to list all spells.
You conjure some foxfire!
The human hits you (4).
The foxfire hits the human (1).
The human is almost dead. (2/35) HP The foxfire hits the human (1).
The human is almost dead. (1/35) HP The human hits you (8)!
* * * LOW HITPOINT WARNING * * *
Casting: Foxfire (safe; 4% risk of failure)
Confirm with . or Enter, or press ? or * to list all spells.
You conjure some foxfire!
The human hits you (10)!
You die...

▓▓▓▓▓▓▓▓▓
▓<..#...####
▓...#....).##
▓..##.....§*#
▓##.##.##..@# .#
##.##.###*p# ..#
▓#.####.##..# ...+
▓.###..##..##
#p..# ▓#..÷..##..#
#....#
###..##...##.....#
##÷.##....#......#
#..###..##.# #..#
#.. ###


You could see a human.

Vanquished Creatures
  Jessica (D)
  2 rats (D)
3 creatures vanquished.

Vanquished Creatures (others)
  A draconian scorcher (D)
  4 hellions (D)
  A yaktaur (D)
  25 foxfires (D)
31 creatures vanquished.

Grand Total: 34 creatures vanquished

Notes
Turn   | Place    | Note
-------+----------+-------------------------------------------
     0 | D        | pasperui the Naga Fire Elementalist began the quest for the
                  | Orb.
     0 | D        | Reached XP level 1. HP: 15/15 MP: 3/3
    23 | D        | Killed a yaktaur
    36 | D        | Noticed Jessica
    43 | D        | Killed Jessica
    43 | D        | Reached skill level 5 in Spellcasting
    43 | D        | Reached XP level 2. HP: 11/22 MP: 3/8
    43 | D        | Reached XP level 3. HP: 14/28 MP: 3/10
    53 | D        | Killed a hellion
   102 | D        | Killed a hellion
   134 | D        | Killed a hellion
   135 | D        | Killed a hellion
   135 | D        | Killed a white draconian scorcher
   140 | D        | Slain by a human

Levels and vault maps discovered:
D:        dungeon_sprint_mu [sprint_mu_entry_cave, sprint_mu_temple_rooms,
          sprint_mu_d1_spiders, sprint_mu_d2_genie, sprint_mu_d3_branching,
          sprint_mu_orc_legion, sprint_mu_elf_gauntlet, sprint_mu_hive_nellie,
          sprint_mu_lair_fedhas, sprint_mu_vaults_butterflies,
          sprint_mu_slime_circle, sprint_mu_shoals_archi,
          sprint_mu_snake_twists, sprint_mu_blade_basic,
          sprint_mu_crypt_fortress, sprint_mu_tomb_spiral,
          sprint_mu_vestibule_basic, sprint_mu_gehenna_hellfire,
          sprint_mu_dis_giant, sprint_mu_tartarus_statrot,
          sprint_mu_cocytus_islands, sprint_mu_zot1]

Skill      XL: |  1 |
---------------+----+-----
Spellcasting   | 5 |  5.7
Dodging        | |  1.5
Stealth        | |  3.0
Fire Magic     | |  3.0

Action                   || total
-------------------------++-------
 Cast: Foxfire           ||    15
 Abil: Spit Poison       ||     1
Armor: Robe              ||     1
Dodge: Dodged            ||    10
